 Dungeon Crawl Stone Soup version 0.23.0 (webtiles) character file.

Game seed: 7183417030355658398

51 Mgcat the Chucker (level 3, 0/31 HPs)
             Began as a Minotaur Hunter on Feb 11, 2019.
             Slain by Edmund
             ... wielding a +0 dire flail of protection
              (9 damage)
             ... on level 4 of the Dungeon.
             The game lasted 00:03:16 (981 turns).

Mgcat the Chucker (Minotaur Hunter)                  Turns: 981, Time: 00:03:17

Health: 0/31       AC:  3    Str: 17    XL:     3   Next: 57%
Magic:  2/2        EV: 12    Int:  8    God:
Gold:   75         SH:  0    Dex: 10    Spells: 2/2 levels left

rFire    . . .     SeeInvis .   a - +0 short sword
rCold    . . .     Gourm    .   (no shield)
rNeg     . . .     Faith    .   b - +0 leather armour
rPois    .         Spirit   .   (helmet restricted)
rElec    .         Reflect  .   (no cloak)
rCorr    .         Harm     .   (no gloves)
MR       ++...                  (no boots)
Stlth    +.........             (no amulet)
HPRegen  0.10/turn              (no ring)
MPRegen  0.08/turn              (no ring)

@: no status effects
A: retaliatory headbutt, horns 2, magic resistance 2
a: no special abilities


You were on level 4 of the Dungeon.
You were not hungry.

You visited 1 branch of the dungeon, and saw 3 of its levels.

You collected 75 gold pieces.

Inventory:

Hand Weapons
 a - a +0 short sword (weapon)
Missiles
 c - 6 javelins (quivered)
 d - 2 throwing nets {=f, !d}
Armour
 b - a +0 leather armour (worn)
Scrolls
 h - a scroll of noise {unknown}
 j - 2 scrolls of identify {unknown}
 l - a scroll of teleportation {unknown}
Comestibles
 f - a ration
 g - 6 chunks of flesh {@w0}


   Skills:
 + Level 3.4 Fighting
 - Level 4.0 Throwing
 + Level 2.1 Armour
 + Level 3.1 Dodging
 - Level 0.7 Stealth


You had 2 spell levels left.
You didn't know any spells.
Your spell library was empty.

Dungeon Overview and Level Annotations

Branches:
Dungeon (2/15)

Altars:
Sif Muna
Vehumet
Zin

Annotations:
D:4 Edmund


Innate Abilities, Weirdness & Mutations

You reflexively headbutt those who attack you in melee.
You have a pair of horns on your head.
You are highly resistant to hostile enchantments. (MR++)


Message History

You headbutt Edmund, but do no damage. You completely miss Edmund.
You headbutt Edmund.
Edmund is lightly wounded.
Edmund grinds his teeth, and then sighs.
Edmund misses you. You furiously retaliate!
You headbutt Edmund! You hit Edmund but do no damage.
Edmund is moderately wounded.
Edmund hits you with a +0 dire flail of protection.
You take 6 damage, and have 25/31 hp.
You hit Edmund but do no damage.
Edmund is moderately wounded.
Edmund hits you with a +0 dire flail of protection!
You take 10 damage, and have 15/31 hp.
MASSIVE DAMAGE!!
You are too injured to fight recklessly!
You are too injured to fight recklessly!
You are too injured to fight recklessly!
You are too injured to fight recklessly!
You hit Edmund. Your headbutt misses Edmund.
Edmund is moderately wounded.
Edmund hits you with a +0 dire flail of protection.
You take 5 damage, and have 10/31 hp.
It was a potion of ambrosia.
You are confused.
You feel invigorated.
You regained 5 hp, and now have 15/31 hp.
You hit Edmund.
Edmund is moderately wounded.
Edmund closely misses you.
You regained 5 hp, and now have 20/31 hp.
You closely miss Edmund.
Edmund is moderately wounded.
Edmund closely misses you.
You regained 6 hp, and now have 26/31 hp.
You barely miss Edmund.
Edmund is moderately wounded.
Edmund asks, "Have you met my wondrous brother?"
Edmund hits you with a +0 dire flail of protection!
You take 8 damage, and have 18/31 hp.
MASSIVE DAMAGE!!
You completely miss Edmund.
Edmund is moderately wounded.
Edmund barely misses you.
You regained 3 hp, and now have 21/31 hp.
You're too confused to move!
Edmund barely misses you.
You regained 3 hp, and now have 24/31 hp.
You bump into the rock wall.
Edmund barely misses you.
You regained 3 hp, and now have 27/31 hp.
You puncture Edmund!
Edmund is heavily wounded.
Edmund hits you with a +0 dire flail of protection!
You take 8 damage, and have 19/31 hp.
MASSIVE DAMAGE!!
You feel less invigorated.
You feel less confused.
You regained 5 hp, and now have 24/31 hp.
It was a potion of curing.
You feel better.
Edmund hits you with a +0 dire flail of protection.
You regained 3 hp, and now have 27/31 hp.
It was a potion of mutation.
You feel extremely strange.
You feel resistant to hostile enchantments.
You feel more resistant to hostile enchantments.
Edmund says, "People will remember me!
They'll remember me and die!"
Edmund completely misses you.
It was a potion of cancellation.
You feel magically purged.
Edmund hits you with a +0 dire flail of protection!
You take 11 damage, and have 16/31 hp.
MASSIVE DAMAGE!!
It was a potion of heal wounds.
You feel much better. Edmund hits you but does no damage.
Health restored: 31 You hit Edmund but do no damage.
Edmund is heavily wounded.
Edmund hits you with a +0 dire flail of protection!
You take 14 damage, and have 17/31 hp.
MASSIVE DAMAGE!!
You barely miss Edmund.
Edmund is heavily wounded.
Edmund says, "I might not be good at magic, but I can still kill you!"
Edmund misses you.
You barely miss Edmund. Your headbutt misses Edmund.
Edmund is heavily wounded.
Edmund barely misses you.
You barely miss Edmund. You headbutt Edmund.
Edmund is heavily wounded.
Edmund closely misses you.
You hit Edmund but do no damage.
Edmund is heavily wounded.
Edmund hits you with a +0 dire flail of protection!
* * * LOW HITPOINT WARNING * * *
You take 9 damage, and have 8/31 hp.
MASSIVE DAMAGE!!
That item cannot be evoked!
You aren't carrying any items that you can evoke.
You barely miss Edmund. Your headbutt misses Edmund.
Edmund is heavily wounded.
Edmund barely misses you.
Some of the chunks of flesh in your inventory have rotted away.
You hit Edmund.
Edmund is heavily wounded.
Edmund barely misses you. You furiously retaliate!
You headbutt Edmund.
Your leather armour prevents you from hitting Edmund.
You headbutt Edmund!
Edmund is severely wounded.
Edmund hits you with a +0 dire flail of protection!
You die...

.# ## ### .# ....# .#
##.#.##### .# . ... ..#
.# #.#.# #.# .#
.#.##.#.###.####.######
..............@@.......
#..........####.######
####.......# .#
#._8_...# .#
#.._....... .#
#.....####.#.# ####.##
#.# #.# .# #.#


You could see Edmund.

Vanquished Creatures
  A hound skeleton (D:4)
  A worm (D:2)
  3 dart slugs (D:1)
  A leopard gecko (D:1)
  2 giant cockroaches
  3 goblins
  3 hobgoblins
  A ball python (D:1)
  5 bats
  2 frilled lizards
  6 kobolds
  A rat (D:2)
29 creatures vanquished.

Notes
Turn   | Place    | Note
-------+----------+-------------------------------------------
     0 | D:1      | Mgcat the Minotaur Hunter began the quest for the Orb.
     0 | D:1      | Reached XP level 1. HP: 18/18 MP: 0/0
   123 | D:1      | Reached skill level 1 in Armour
   124 | D:1      | Reached XP level 2. HP: 24/25 MP: 1/1
   331 | D:1      | Reached skill level 3 in Fighting
   806 | D:2      | Reached XP level 3. HP: 28/31 MP: 2/2
   942 | D:2      | You fall through a shaft for 2 floors!
   942 | D:4      | Found a radiant altar of Vehumet.
   942 | D:4      | Found a glowing silver altar of Zin.
   942 | D:4      | Found a deep blue altar of Sif Muna.
   944 | D:4      | Noticed Edmund
   946 | D:4      | Reached skill level 2 in Armour
   946 | D:4      | Reached skill level 3 in Dodging
   971 | D:4      | Gained mutation: You are resistant to hostile enchantments.
                  | (MR+) [potion of mutation]
   971 | D:4      | Gained mutation: You are highly resistant to hostile
                  | enchantments. (MR++) [potion of mutation]
   981 | D:4      | Slain by Edmund

Skill      XL: |  1  2  3 |
---------------+----------+-----
Armour         | 1 2 |  2.1
Fighting       | 3 |  3.4
Dodging        | 3 |  3.1
Throwing       | |  4.0
Stealth        | |  0.7

Action                   || total
-------------------------++-------
Melee: Short sword       ||    99
       Headbutt          ||    11
  Use: Potion            ||     5
Armor: Leather armour    ||    26
Dodge: Dodged            ||    74

Levels and vault maps discovered:
D:1:      tarquinn_simple_flora_water_d, layout_rooms
D:2:      layout_basic, minmay_octomino_j4
D:4:      layout_loops_corners, kennysheep_mini_moat,
          chequers_temple_overflow_statue_of_worship, ebering_ghost_inner_flame,
          first_ration, minmay_ruptured, uniq_pikel, uniq_edmund, uniq_eustachio

Table legend:
 A = Turns spent in this place as a percentage of turns spent in the entire game.
 B = Non-inter-level travel turns spent in this place as a percentage of non-inter-level travel turns spent in the entire game.
 C = Inter-level travel turns spent in this place as a percentage of turns spent in this place.
 D = Turns resting spent in this place as a percentage of non-inter-level travel turns spent in this place.
 E = Turns spent auto-exploring this place as a percentage of non-inter-level travel turns spent in this place.
 F = Non-inter-level travel turns spent in this place divided by the number of levels of this place that you've seen.
                   A       B       C       D       E      F
               +-------+-------+-------+-------+-------+----------------------
         Total | 100.0 | 100.0 |   1.3 |  10.4 |  66.3 | 322.7
       Dungeon | 100.0 | 100.0 |   1.3 |  10.4 |  66.3 | 322.7
               +-------+-------+-------+-------+-------+----------------------

Table legend:
 A = Kills in this place as a percentage of kills in entire the game.
 B = Kills by you in this place as a percentage of kills by you in the entire game.
 C = Kills by friends in this place as a percentage of kills by friends in the entire game.
 D = Other kills in this place as a percentage of other kills in the entire game.
 E = Experience gained in this place as a percentage of experience gained in the entire game.
 F = Experience gained in this place divided by the number of levels of this place that you have seen.
                   A       B       C       D       E      F
               +-------+-------+-------+-------+-------+----------------------
         Total | 100.0 | 100.0 |   N/A |   N/A | 100.0 |  24.3
       Dungeon | 100.0 | 100.0 |   N/A |   N/A | 100.0 |  24.3
               +-------+-------+-------+-------+-------+----------------------
